3L
AUSTIN RANGERS @ OAKLAND OAKS
09/05/2022
 
TOP OF THE 1ST
Austin Rangers batting - Pitching for Oakland Oaks : RHP José García
Pitching: RHP José García
Batting: RHB Tony Hernández 0-0: Ground out 4-3 (Groundball, 4)
Batting: RHB Florian Cesaresco 0-0: Called Strike
0-1: Ball
1-1: Ball
2-1: Swinging Strike
2-2: Ball
3-2: Ground out 4-3 (Groundball, 4)
Batting: SHB Carlos Kramer 0-0: Foul Ball, location: 2F
0-1: Called Strike
0-2: SINGLE (Groundball, 4MD)
Batting: LHB James Murray 0-0: Ball
1-0: Called Strike
1-1: Fly out, F8 (Flyball, 8LXD)
Top of the 1st over - 0 run(s), 1 hit(s), 0 error(s), 1 left on base; Austin 0 - Oakland 0
BOTTOM OF THE 1ST
Oakland Oaks batting - Pitching for Austin Rangers : RHP Les Edwards
Pitching: RHP Les Edwards
Batting: LHB Todd Williams 0-0: Ball
1-0: Foul Ball, location: 2F
1-1: Swinging Strike
1-2: SINGLE (Flyball, 7S)
Batting: LHB Todd Henry 0-0: Swinging Strike
0-1: Called Strike
0-2: Ball
1-2: Hit by Pitch
Todd Williams to second
Batting: LHB Edwin Church 0-0: Grounds into double play, 4-6-3 (Groundball, 4)
Todd Williams to third
Batting: LHB Randy Daugherty 0-0: Called Strike
0-1: Ball
1-1: Fly out, F7 (Flyball, 7D)
Bottom of the 1st over - 0 run(s), 1 hit(s), 0 error(s), 1 left on base; Austin 0 - Oakland 0
TOP OF THE 2ND
Austin Rangers batting - Pitching for Oakland Oaks : RHP José García
Batting: SHB Juan Sánchez 0-0: Ball
1-0: Called Strike
1-1: Ball
2-1: Foul Ball, location: 2F
2-2: Strikes out swinging
Batting: LHB Trent Kershaw 0-0: Foul Ball, location: 2F
0-1: SINGLE (Groundball, 56D)
Batting: RHB Alex Maxwell 0-0: Called Strike
0-1: Ball
1-1: Ball
2-1: Swinging Strike
2-2: Foul Ball, location: 2F
2-2: Ball
3-2: Ground out 5-3 (Groundball, 56)
Trent Kershaw to second
Batting: RHB Riley Howard 0-0: Ball
1-0: Ball
2-0: Ball
3-0: Base on Balls
Batting: RHB Joseph Pate 0-0: Foul Ball, location: 2F
0-1: Foul Ball, location: 2F
0-2: Foul Ball, location: 2F
0-2: Fly out, F7 (Flyball, 78D)
Top of the 2nd over - 0 run(s), 1 hit(s), 0 error(s), 2 left on base; Austin 0 - Oakland 0
BOTTOM OF THE 2ND
Oakland Oaks batting - Pitching for Austin Rangers : RHP Les Edwards
Batting: LHB Jesús Quintanilla 0-0: Called Strike
0-1: Ball
1-1: Foul Ball, location: 2F
1-2: Strikes out swinging
Batting: LHB Ron Frazier 0-0: Ball
1-0: Ball
2-0: Ball
3-0: Base on Balls
Batting: SHB John Allen 0-0: SINGLE (Flyball, 78S)
Ron Frazier to second
Batting: LHB Johnny Hernández 0-0: Ball
1-0: Grounds into double play, 4-6-3 (Groundball, 34)
Bottom of the 2nd over - 0 run(s), 1 hit(s), 0 error(s), 1 left on base; Austin 0 - Oakland 0
TOP OF THE 3RD
Austin Rangers batting - Pitching for Oakland Oaks : RHP José García
Batting: RHB Tony Hernández 0-0: Ball
1-0: Ball
2-0: Foul Ball, location: 2F
2-1: Foul Ball, location: 2F
2-2: SOLO HOME RUN (Flyball, 8LXD), Distance : 430 ft
Batting: RHB Florian Cesaresco 0-0: Foul Ball, location: 2F
0-1: Ball
1-1: Ground out 6-3 (Groundball, 6)
Batting: SHB Carlos Kramer 0-0: Ball
1-0: Called Strike
1-1: Ball
2-1: Foul Ball, location: 2F
2-2: Foul Ball, location: 2F
2-2: Fly out, F8 (Flyball, 8RM)
Batting: LHB James Murray 0-0: Called Strike
0-1: SINGLE (Groundball, 56D)
Batting: SHB Juan Sánchez 0-0: Foul Ball, location: 2F
0-1: Called Strike
0-2: Strikes out swinging
Top of the 3rd over - 1 run(s), 2 hit(s), 0 error(s), 1 left on base; Austin 1 - Oakland 0
BOTTOM OF THE 3RD
Oakland Oaks batting - Pitching for Austin Rangers : RHP Les Edwards
Batting: RHB Dave Henderson 0-0: Ball
1-0: Ball
2-0: Ball
3-0: Base on Balls
Batting: LHB Todd Williams 0-0: Ball
1-0: Called Strike
1-1: Ball
2-1: Ball
3-1: Base on Balls
Dave Henderson to second
Batting: LHB Todd Henry 0-0: Ball
1-0: Ball
2-0: Ball
3-0: Called Strike
3-1: Base on Balls
Dave Henderson to third
Todd Williams to second
Batting: LHB Edwin Church 0-0: Ball
1-0: Grounds into double play, 4-6-3 (Groundball, 4)
Dave Henderson scores
Todd Williams to third
Batting: LHB Randy Daugherty 0-0: Ball
1-0: Ball
2-0: Ball
3-0: Base on Balls
Batting: LHB Jesús Quintanilla 0-0: Ball
1-0: Ball
2-0: Ball
3-0: Called Strike
3-1: Called Strike
3-2: Foul Ball, location: 2F
3-2: SINGLE (Line Drive, 6D)
Todd Williams scores
Randy Daugherty to second
Randy Daugherty to third
Batting: LHB Ron Frazier 0-0: Ball
1-0: Ball
2-0: Ball
3-0: Called Strike
3-1: DOUBLE (Line Drive, 9LM)
Randy Daugherty scores
Jesús Quintanilla to third
Runner from 3rd tries for Home, SAFE, no throw or cutoff
Batting: SHB John Allen 0-0: Called Strike
0-1: Swinging Strike
0-2: Ball
1-2: Ball
2-2: SINGLE (Groundball, 5D)
Ron Frazier to third
Runner from 3rd tries for Home, throw and OUT!
Bottom of the 3rd over - 4 run(s), 3 hit(s), 0 error(s), 1 left on base; Austin 1 - Oakland 4
TOP OF THE 4TH
Austin Rangers batting - Pitching for Oakland Oaks : RHP José García
Batting: LHB Trent Kershaw 0-0: Ball
1-0: SINGLE (Groundball, 4M)
Batting: RHB Alex Maxwell 0-0: Called Strike
0-1: Called Strike
0-2: Ball
1-2: Ball
2-2: Strikes out looking
Batting: RHB Riley Howard 0-0: Called Strike
0-1: Ball
1-1: Swinging Strike
1-2: Foul Ball, location: 2F
1-2: Foul Ball, location: 2F
1-2: Strikes out swinging
Batting: RHB Joseph Pate 0-0: Ball
1-0: Foul Ball, location: 2F
1-1: Ball
2-1: Foul Ball, location: 2F
2-2: Ball
3-2: 2-RUN HOME RUN (Flyball, 7D), Distance : 391 ft
Batting: RHB Tony Hernández 0-0: Ball
1-0: Called Strike
1-1: Called Strike
1-2: SINGLE (Line Drive, 8RS)
Batting: RHB Florian Cesaresco 0-0: Ball
1-0: Called Strike
1-1: Foul Ball, location: 2F
1-2: Ball
2-2: Foul Ball, location: 2F
2-2: SINGLE (Groundball, 6MD)
Tony Hernández to second
Runner from 2nd tries for 3rd, SAFE, no throw or cutoff
Batting: SHB Carlos Kramer 0-0: Called Strike
0-1: SINGLE (Line Drive, 4D)
Tony Hernández scores
Florian Cesaresco to second
Batting: LHB James Murray 0-0: Called Strike
0-1: Called Strike
0-2: Foul Ball, location: 2F
0-2: Ball
1-2: Strikes out looking
Top of the 4th over - 3 run(s), 5 hit(s), 0 error(s), 2 left on base; Austin 4 - Oakland 4
BOTTOM OF THE 4TH
Oakland Oaks batting - Pitching for Austin Rangers : RHP Les Edwards
Batting: LHB Johnny Hernández 0-0: Ball
1-0: Swinging Strike
1-1: SINGLE (Groundball, 13) (infield hit)
Batting: RHB Dave Henderson 0-0: Fly out, F8 (Flyball, 8LXD)
Batting: LHB Todd Williams 0-0: Fly out, F8 (Flyball, 8RD)
Batting: LHB Todd Henry 0-0: Ball
1-0: Ball
2-0: Ball
3-0: Called Strike
3-1: Foul Ball, location: 2F
3-2: Ground out 3-1 (Groundball, 34)
Bottom of the 4th over - 0 run(s), 1 hit(s), 0 error(s), 1 left on base; Austin 4 - Oakland 4
TOP OF THE 5TH
Austin Rangers batting - Pitching for Oakland Oaks : RHP José García
Batting: SHB Juan Sánchez 0-0: Ball
1-0: SINGLE (Line Drive, 9LS)
Batting: LHB Trent Kershaw 0-0: Sac Bunt - play at first, batter OUT! 4-3
Juan Sánchez to second
Batting: RHB Alex Maxwell 0-0: Foul Ball, location: 2F
0-1: Ball
1-1: Ball
2-1: Swinging Strike
2-2: Foul Ball, location: 2F
2-2: Ball
3-2: Ground out 6-3 (Groundball, 6)
Pitching: RHP Robert Anderson
Batting: RHB Riley Howard 0-0: Ball
1-0: Ball
2-0: Called Strike
2-1: Foul Ball, location: 2F
2-2: Strikes out swinging
Top of the 5th over - 0 run(s), 1 hit(s), 0 error(s), 1 left on base; Austin 4 - Oakland 4
BOTTOM OF THE 5TH
Oakland Oaks batting - Pitching for Austin Rangers : RHP Les Edwards
Batting: LHB Edwin Church 0-0: Ball
1-0: Swinging Strike
1-1: Foul Ball, location: 2F
1-2: Ball
2-2: Foul Ball, location: 2F
2-2: Ball
3-2: SINGLE (Groundball, 34)
Batting: LHB Randy Daugherty 0-0: SINGLE (Line Drive, 4MD)
Edwin Church to second
Batting: LHB Jesús Quintanilla 0-0: Ball
1-0: Ball
2-0: Hit by Pitch
Edwin Church to third
Randy Daugherty to second
Batting: LHB Ron Frazier 0-0: Ball
1-0: Called Strike
1-1: Fielders Choice at 2nd, 4-6 (Groundball, 4)
Edwin Church scores
Randy Daugherty to third
Batting: SHB John Allen 0-0: Foul Ball, location: 2F
0-1: Ball
1-1: Ball
2-1: Ball
3-1: Base on Balls
Ron Frazier to second
Pitching: RHP Melvin Richards
Batting: LHB Johnny Hernández 0-0: Called Strike
0-1: Ball
1-1: Ball
2-1: Ball
3-1: Base on Balls
Randy Daugherty scores
Ron Frazier to third
John Allen to second
Batting: RHB Dave Henderson 0-0: Called Strike
0-1: Ball
1-1: Fly out, F9 (Flyball, 89S)
Batting: LHB Todd Williams 0-0: Foul Ball, location: 2F
0-1: Ball
1-1: Ball
2-1: SINGLE (Groundball, 3S) (infield hit)
Ron Frazier scores
John Allen to third
Johnny Hernández to second
Batting: LHB Todd Henry 0-0: Ball
1-0: Ball
2-0: Called Strike
2-1: Called Strike
2-2: Foul Ball, location: 2F
2-2: Strikes out swinging
Bottom of the 5th over - 3 run(s), 3 hit(s), 0 error(s), 3 left on base; Austin 4 - Oakland 7
TOP OF THE 6TH
Austin Rangers batting - Pitching for Oakland Oaks : RHP Robert Anderson
Batting: RHB Joseph Pate 0-0: Swinging Strike
0-1: Called Strike
0-2: Ball
1-2: Ball
2-2: Ball
3-2: Ground out 5-3 (Groundball, 56)
Batting: RHB Tony Hernández 0-0: Ball
1-0: Fly out, F7 (Flyball, 78S)
Batting: RHB Florian Cesaresco 0-0: Ball
1-0: Called Strike
1-1: Ball
2-1: Fly out, F6 (Popup, 56D)
Top of the 6th over - 0 run(s), 0 hit(s), 0 error(s), 0 left on base; Austin 4 - Oakland 7
BOTTOM OF THE 6TH
Oakland Oaks batting - Pitching for Austin Rangers : RHP Melvin Richards
Batting: LHB Edwin Church 0-0: Called Strike
0-1: Foul Ball, location: 2F
0-2: Ball
1-2: Strikes out swinging
Batting: LHB Randy Daugherty 0-0: Ground out 4-3 (Groundball, 4)
Batting: LHB Jesús Quintanilla 0-0: Ball
1-0: Called Strike
1-1: Ground out 4-3 (Groundball, 4)
Bottom of the 6th over - 0 run(s), 0 hit(s), 0 error(s), 0 left on base; Austin 4 - Oakland 7
TOP OF THE 7TH
Austin Rangers batting - Pitching for Oakland Oaks : RHP Robert Anderson
Now at SS: Rafael Najcrea
Batting: SHB Carlos Kramer 0-0: Swinging Strike
0-1: Foul Ball, location: 2F
0-2: Ground out U3 (Groundball, 3S)
Batting: LHB James Murray 0-0: Foul Ball, location: 2F
0-1: Ball
1-1: Ball
2-1: Ball
3-1: Base on Balls
Batting: SHB Juan Sánchez 0-0: Called Strike
0-1: Grounds into double play, 4-6-3 (Groundball, 34)
Top of the 7th over - 0 run(s), 0 hit(s), 0 error(s), 0 left on base; Austin 4 - Oakland 7
BOTTOM OF THE 7TH
Oakland Oaks batting - Pitching for Austin Rangers : RHP Melvin Richards
Batting: LHB Ron Frazier 0-0: Ball
1-0: Ball
2-0: Ball
3-0: Base on Balls
Pitching: LHP Harry Evans
Batting: RHB Rafael Najcrea 0-0: Ball
1-0: Swinging Strike
1-1: Ball
2-1: Swinging Strike
2-2: Strikes out swinging
Batting: LHB Johnny Hernández 0-0: Ball
1-0: Called Strike
1-1: SINGLE (Line Drive, 34D)
Ron Frazier to second
Batting: RHB Dave Henderson 0-0: Fly out, F7 (Line Drive, 78D)
Batting: LHB Todd Williams 0-0: Ball
1-0: Ball
2-0: Called Strike
2-1: Called Strike
2-2: Foul Ball, location: 2F
2-2: Fly out, F9 (Line Drive, 89D)
Bottom of the 7th over - 0 run(s), 1 hit(s), 0 error(s), 2 left on base; Austin 4 - Oakland 7
TOP OF THE 8TH
Austin Rangers batting - Pitching for Oakland Oaks : RHP Robert Anderson
Batting: LHB Trent Kershaw 0-0: Called Strike
0-1: Foul Ball, location: 2F
0-2: Ball
1-2: Ball
2-2: Ball
3-2: Foul Ball, location: 2F
3-2: Strikes out swinging
Batting: RHB Alex Maxwell 0-0: Ball
1-0: Ball
2-0: Ball
3-0: Called Strike
3-1: Ground out 4-3 (Groundball, 4)
Batting: RHB Riley Howard 0-0: Called Strike
0-1: Swinging Strike
0-2: Ball
1-2: Ball
2-2: Ball
3-2: DOUBLE (Line Drive, 7LM)
Pitching: RHP Tony Hernández
Batting: RHB Joseph Pate 0-0: Ball
1-0: Foul Ball, location: 2F
1-1: Called Strike
1-2: Ball
2-2: Foul Ball, location: 2F
2-2: Strikes out swinging
Top of the 8th over - 0 run(s), 1 hit(s), 0 error(s), 1 left on base; Austin 4 - Oakland 7
BOTTOM OF THE 8TH
Oakland Oaks batting - Pitching for Austin Rangers : LHP Harry Evans
Batting: LHB Todd Henry 0-0: Ball
1-0: Foul Ball, location: 2F
1-1: Foul Ball, location: 2F
1-2: Foul Ball, location: 2F
1-2: Ball
2-2: Foul Ball, location: 2F
2-2: Ground out 1-3 (Groundball, 13)
Batting: LHB Edwin Church 0-0: Called Strike
0-1: Ball
1-1: Ball
2-1: SINGLE (Groundball, 4MD)
Batting: LHB Randy Daugherty 0-0: Called Strike
0-1: Called Strike
0-2: Foul Ball, location: 2F
0-2: Fielders Choice at 2nd, 6-4 (Groundball, 6M)
Batting: LHB Jesús Quintanilla 0-0: Ball
1-0: Fly out, F7 (Flyball, 7M)
Bottom of the 8th over - 0 run(s), 1 hit(s), 0 error(s), 1 left on base; Austin 4 - Oakland 7
TOP OF THE 9TH
Austin Rangers batting - Pitching for Oakland Oaks : RHP Tony Hernández
Batting: RHB Tony Hernández 0-0: Ball
1-0: DOUBLE (Line Drive, 7LM)
Batting: RHB Florian Cesaresco 0-0: Ball
1-0: Ball
2-0: Ball
3-0: Called Strike
3-1: Foul Ball, location: 2F
3-2: Base on Balls
Batting: SHB Carlos Kramer 0-0: Called Strike
0-1: Foul Ball, location: 2F
0-2: Ball
1-2: Strikes out swinging
Batting: LHB James Murray 0-0: Ball
1-0: Swinging Strike
1-1: Ball
2-1: Foul Ball, location: 2F
2-2: Ball
3-2: Strikes out looking
Florian Cesaresco is caught stealing 2nd base
Batter strikes out.
Top of the 9th over - 0 run(s), 1 hit(s), 0 error(s), 1 left on base; Austin 4 - Oakland 7
This league is powered by Out of the Park Baseball, the baseball management simulation game for PC, Mac and Linux
Friday, April 15th, 2016 - OOTP Baseball 16.9 Build 39